 Dungeon Crawl Stone Soup version 0.30.0-5-g1a98f26d00 (webtiles) character file.

Game seed: 10319389604470997412

126 Irreverend the Shooter (level 4, -4/58 HPs)
             Began as a Minotaur Hunter on May 10, 2023.
             Slain by an iguana (10 damage)
             ... on level 4 of the Dungeon.
             The game lasted 00:03:51 (2259 turns).

Irreverend the Shooter (Minotaur Hunter)            Turns: 2259, Time: 00:03:51

Health: -4/58      AC: 22    Str: 16    XL:     4   Next: 84%
Magic:  3/3        EV:  2    Int:  6    God:
Gold:   181        SH:  0    Dex: 15    Spells: 3/3 levels left

rFire   + . .        a - +0 shortbow
rCold   . . .        (shield currently unavailable)
rNeg    . . .        c - melded +0 leather armour
rPois   +            (helmet currently unavailable)
rElec   .            (cloak currently unavailable)
rCorr   .            (gloves currently unavailable)
SInv    +            (boots currently unavailable)
Will    .....        (no amulet)
Stlth   ++           n - ring of see invisible
HPRegen 0.29/turn    p - ring of protection from fire
MPRegen 0.08/turn

%: no passive effects
@: tree-form
A: stationary, stasis, torment immunity, boosted hp, (horns 2), (retaliatory
headbutt)
a: no special abilities


You were on level 4 of the Dungeon.
You were a tree.
You visited 1 branch of the dungeon, and saw 4 of its levels.

You collected 181 gold pieces.

Inventory:

Hand Weapons
 a - a +0 shortbow (weapon)
Armour
 c - a +0 leather armour (melded)
 j - a +0 chain mail
Jewellery
 n - a ring of see invisible (left branch)
 o - a ring of fire
 p - a ring of protection from fire (right branch)
 q - a ring of wizardry
Scrolls
 b - a scroll of immolation
 e - 5 scrolls of identify {unknown}
 g - 3 scrolls of magic mapping {unknown}
 m - a scroll of enchant armour {unknown}
 u - 2 scrolls of fear {unknown}
 v - a scroll of noise {unknown}
Potions
 d - 2 potions of lignification
 f - a potion of cancellation {unknown}
 h - 2 potions of brilliance {unknown}
 i - 2 potions of degeneration {unknown}
 k - a potion of attraction {unknown}
 l - a potion of curing {unknown}
 r - 2 potions of resistance {unknown}
 s - a potion of flight {unknown}
 t - a potion of heal wounds {unknown}


   Skills:
 + Level 3.6 Fighting
 * Level 5.4 Ranged Weapons
 + Level 2.0 Armour
 + Level 3.2 Dodging
 - Level 1.0 Stealth


You had 3 spell levels left.
You didn't know any spells.
Your spell library contained the following spells:

 Spells                   Type           Power      Damage    Failure   Level
 Animate Dead             Necr           0%         N/A       99%         4
 Borgnjor's Vile Clutch   Necr/Erth      0%         N/A       100%        5
 Death Channel            Necr           0%         N/A       100%        6


Dungeon Overview and Level Annotations

Branches:
Dungeon (4/15)
 Temple: D:4-7

Altars:
Ashenzari
Zin

Shops:
D:1 :   D:4 *


Innate Abilities, Weirdness & Mutations

You are a tree.
Your roots penetrate the ground, keeping you stationary.
You cannot be teleported.
You are immune to unholy pain and torment.
Your maximum health is greatly increased.
Your equipment is partially melded.
((You have a pair of horns on your head.))
((You reflexively headbutt those who attack you in melee.))


Message History

No target in view!
No target in view!
No target in view!
No target in view!
No target in view!
No target in view!
No target in view!
You open the door.
An iguana comes into view.
Found a scroll labelled JONGONNA CAMN.
The iguana hisses angrily.
There is an open door here.
You shoot an arrow. The arrow hits the iguana.
The iguana is lightly wounded.
You shoot an arrow. The arrow hits the iguana.
The iguana is moderately wounded.
The iguana hisses menacingly.
You shoot an arrow. The arrow closely misses the iguana.
The iguana hisses menacingly.
You shoot an arrow. The arrow barely misses the iguana.
You shoot an arrow. The arrow barely misses the iguana.
The iguana bites you!
You shoot an arrow. The arrow closely misses the iguana.
The iguana bites you!
You are too injured to fight recklessly!
You are too injured to fight recklessly!
You are too injured to fight recklessly!
You are too injured to fight recklessly!
You are too injured to fight recklessly!
You are too injured to fight recklessly!
You are too injured to fight recklessly!
You are too injured to fight recklessly!
You are too injured to fight recklessly!
You are too injured to fight recklessly!
The iguana attacks as you move away! The iguana bites you.
You shoot an arrow. The arrow barely misses the iguana.
The iguana barely misses you. The iguana bites you!
* * * LOW HITPOINT WARNING * * *
It was a potion of lignification.
You turn into a tree.
Your +0 leather armour melds into your body.
Your roots penetrate the ground.
The iguana bites you!
You die...

####### ####.....# .
#........# .. #........#
...#####........#
.......#....#####
.......#....#
.......#....####
.......'l♣....>#
.......#....##.#####
?......#.).........#
.....###....#...........#
........#....###.........#
........#....# #.#.......#
#.......#....# #.#.......#
........#....# #.#.......#
#.......#....# #.#.......#


You could see an iguana.

Vanquished Creatures
  4 adders
  A worm (D:3)
  3 dart slugs
  4 orcs (D:3)
  3 endoplasms
  3 giant cockroaches (D:1)
  10 goblins
  4 hobgoblins
  3 jackals (D:2)
  7 quokkas
  7 ball pythons
  7 bats
  5 frilled lizards
  6 kobolds
  8 rats
75 creatures vanquished.

Notes
Turn   | Place    | Note
-------+----------+-------------------------------------------
     0 | D:1      | Irreverend the Minotaur Hunter began the quest for the Orb.
     0 | D:1      | Reached XP level 1. HP: 18/18 MP: 0/0
   146 | D:1      | Reached skill level 1 in Stealth
   199 | D:1      | Reached XP level 2. HP: 25/25 MP: 1/1
   404 | D:1      | Found Xiopt's Book Boutique.
   440 | D:1      | Reached skill level 1 in Armour
   441 | D:1      | Reached XP level 3. HP: 24/30 MP: 2/2
  1281 | D:2      | Reached skill level 5 in Ranged Weapons
  1326 | D:2      | Found a faded altar of an unknown god.
  1401 | D:3      | Reached XP level 4. HP: 38/38 MP: 3/3
  1700 | D:3      | Found a broken altar of Ashenzari.
  2193 | D:4      | Found Zin's Purification Station.
  2196 | D:4      | Found a glowing silver altar of Zin.
  2259 | D:4      | Slain by an iguana

Illustrated notes

Levels and vault maps discovered:
D:1:      minmay_arrival_split_and_join, layout_basic, serial_shops, shop,
          minmay_pentomino_w4
D:2:      layout_rooms, basic_ecumenical_altar, hangedman_decor_lopped,
          nicolae_hexahallways
D:3:      layout_loops_cross, amcnicky_altar_gilded
D:4:      layout_basic, zin_purify

Skill      XL: |  1  2  3  4 |
---------------+-------------+-----
Stealth        | 1 |  1.0
Armour         | 1 2 |  2.0
Fighting       | 3 |  3.6
Ranged Weapons | 5 |  5.4
Dodging        | 3 |  3.2

Action                     |  1- 3 |  4- 6 || total
---------------------------+-------+-------++-------
   Fire: Shortbow          |   123 |    83 ||   206
    Use: Potion            |       |     1 ||     1
 Armour: Leather armour    |    15 |     7 ||    22
  Dodge: Dodged            |    38 |    21 ||    59
